Map: Prion Terraces

Players

Chris (MCanning)

  • Race: Protoss Protoss
  • League: Master

llllllllllll - Winner!

  • Race: Zerg Zerg
  • League: Master

VOD

Have the link to the VOD?

Description

Time

  • Played on: Nov. 14, 2015, 1:07 a.m.
  • Length: 15:12
Show
View Real Time Build Order
Export as new Build Order

Chris Protoss 

Build Orders: Nexus First 

Get SALT Encoding   

  12  0:01  Probe (Chrono Boost)  
  13  0:12  Probe (Chrono Boost)  
  14  0:20  Pylon  
  14  0:22  Probe (Chrono Boost)  
  15  0:38  Probe (Chrono Boost)  
  16  0:49  Probe (Chrono Boost)  
  17  0:59  Nexus  
  17  1:10  Gateway  
  17  1:13  Probe (Chrono Boost)  
  18  1:22  Assimilator  
  18  1:24  Probe (Chrono Boost)  
  19  1:26  Assimilator  
  19  1:34  Probe (Chrono Boost)  
  20  1:45  Probe (Chrono Boost), Pylon  
  21  1:55  Probe (Chrono Boost)  
  22  2:05  Cybernetics Core  
  22  2:06  Probe (Chrono Boost)  
  23  2:10  Zealot  
  23  2:14  Probe (Chrono Boost)  
  26  2:17  Probe (Chrono Boost)  
  27  2:25  Probe (Chrono Boost)  
  27  2:27  Probe (Chrono Boost)  
  29  2:36  Probe (Chrono Boost)  
  30  2:38  Probe (Chrono Boost)  
  30  2:42  Stalker  
  33  2:44  Warp Gate  
  33  2:46  Mothership Core (Chrono Boost)  
  33  2:49  Probe (Chrono Boost)  
  36  2:59  Gateway  
  36  3:00  Probe (Chrono Boost)  
  36  3:05  Gateway, Probe (Chrono Boost)  
  38  3:09  Gateway  
  38  3:13  Pylon  
  38  3:17  Sentry  
  38  3:18  Probe (Chrono Boost)  
  38  3:19  Probe (Chrono Boost)  
  42  3:28  Probe (Chrono Boost), Pylon  
  42  3:29  Probe (Chrono Boost)  
  44  3:39  Probe (Chrono Boost)  
  44  3:40  Probe (Chrono Boost)  
  46  3:49  Probe (Chrono Boost)  
  46  3:55  Nexus  
  49  3:56  Sentry  
  49  3:57  Pylon  
  49  3:59  Pylon  
  49  4:02  Probe (Chrono Boost)  
  50  4:04  Probe (Chrono Boost)  
  50  4:08  Sentry  
  53  4:12  Probe (Chrono Boost)  
  53  4:13  Robotics Facility  
  53  4:15  Probe (Chrono Boost)  
  55  4:23  Probe (Chrono Boost), Pylon  
  56  4:26  Probe (Chrono Boost)  
  56  4:31  Assimilator  
  57  4:33  Probe (Chrono Boost)  
  57  4:36  Probe (Chrono Boost), Assimilator  
  59  4:44  Probe (Chrono Boost)  
  60  4:47  Probe (Chrono Boost)  
  60  4:49  Gateway  
  60  4:50  Gateway  
  61  4:59  Gateway  
  61  5:02  Gateway  
  61  5:03  Probe, Observer (Chrono Boost), Forge  
  62  5:08  Probe x2  
  64  5:16  Twilight Council  
  64  5:19  Pylon  
  64  5:30  Probe  
  64  5:32  Probe, Robotics Bay  
  64  5:34  Stalker x2  
  70  5:36  Observer (Chrono Boost)  
  70  5:37  Pylon  
  70  5:40  Probe  
  72  5:43  Probe  
  72  5:46  Probe  
  74  5:50  Probe  
  74  5:53  Pylon  
  74  5:54  Probe (Chrono Boost), Warp Prism (Chrono Boost)  
  78  5:58  Protoss Ground Weapons Level 1 (Chrono Boost)  
  78  6:00  Pylon  
  78  6:02  Probe (Chrono Boost)  
  78  6:03  Probe (Chrono Boost)  
  80  6:06  Probe (Chrono Boost)  
  80  6:09  Blink  
  80  6:10  Zealot x3  
  87  6:13  Probe (Chrono Boost)  
  87  6:14  Probe (Chrono Boost)  
  87  6:16  Probe (Chrono Boost), Pylon  
  90  6:19  Pylon  
  89  6:27  Assimilator  
  89  6:29  Zealot  
  89  6:30  Assimilator  
  89  6:32  Probe (Chrono Boost)  
  92  6:42  Disruptor (Chrono Boost)  
  92  6:45  Stalker x5  
  105  6:53  Gateway  
  105  6:54  Gateway  
  105  6:55  Photon Cannon  
  105  6:56  Pylon  
  105  6:58  Photon Cannon  
  105  7:13  Disruptor (Chrono Boost)  
  105  7:15  Pylon  
  108  7:22  Zealot x2  
  110  7:23  Zealot x3  
  108  7:33  Stalker x2  
  108  7:34  Stalker x2  
  116  7:39  Gateway x2  
  116  7:42  Pylon  
  116  7:47  Stalker x2  
  116  7:49  Disruptor  
  120  7:57  Nexus, Charge  
  123  7:59  Stalker x2, Pylon  
  123  8:01  Pylon  
  123  8:04  Zealot x2  
  130  8:13  Probe  
  129  8:20  Disruptor  
  129  8:25  Stalker  
  129  8:26  Stalker x4  
  140  8:27  Protoss Ground Weapons Level 2 (Chrono Boost)  
  140  8:37  Probe  
  140  8:39  Zealot  
  140  8:41  Zealot  
  145  8:48  Dark Shrine  
  145  8:51  Probe, Disruptor  
  145  8:54  Probe  
  147  8:57  Stalker x2  
  147  8:58  Stalker x2  
  152  9:07  Probe  
  133  9:11  Stalker  
  133  9:12  Stalker x4  
  131  9:19  Zealot  
  131  9:22  Disruptor  
  123  9:24  Stalker  
  123  9:25  Stalker  
  122  9:35  Stalker x2  
  122  9:36  Probe  
  123  9:47  Probe  
  123  9:51  Adept  
  123  9:52  Adept x3  
  130  9:53  Disruptor  
  130  9:55  Adept x3  
  130  9:58  Adept  
  135  10:01  Adept x2  
  125  10:13  Mothership Core  
  123  10:15  Probe  
  123  10:16  Pylon  
  123  10:19  Adept  
  123  10:20  Adept x5  
  135  10:29  Disruptor  
  138  10:36  Probe  
  138  10:40  Pylon  
  138  10:41  Stalker  
  138  10:42  Stalker x4  
  149  10:47  Probe, Assimilator  
  149  10:49  Probe x2  
  150  10:55  Pylon  
  144  10:59  Zealot x3  
  144  11:02  Observer  
  150  11:04  Probe  
  150  11:06  Dark Templar x2  
  154  11:14  Zealot x3  
  154  11:15  Zealot  
  153  11:18  Disruptor  
  154  11:33  Templar Archives  
  154  11:34  Dark Templar x2  
  154  11:37  Zealot x5  
  154  11:38  Zealot x2  
  166  11:43  Probe  
  167  11:48  Stalker  
  167  11:49  Disruptor  
  150  12:09  Probe  
  150  12:12  Zealot x4  
  150  12:13  Zealot x3  
  150  12:14  Probe  
  164  12:18  Probe  
  164  12:19  High Templar x3  
  171  12:23  Assimilator  
  171  12:27  Assimilator  
  171  12:38  Probe  
  171  12:40  Psionic Storm  
  171  12:41  Pylon  
  162  12:51  Pylon  
  162  12:56  Nexus  
  162  12:57  Stalker x2  
  162  12:58  Stalker x4  
  166  12:59  Probe, Pylon  
  166  13:04  Probe  
  168  13:06  Dark Templar, Zealot  
  168  13:07  Zealot x2  
  164  13:14  Probe  
  164  13:18  Disruptor  
  145  13:20  Probe  
  145  13:25  Photon Cannon  
  149  13:27  Zealot x3  
  151  13:37  Photon Cannon  
  151  13:40  Probe  
  148  13:43  Photon Cannon  
  148  13:50  Dark Templar  
  148  13:51  Assimilator  
  148  13:52  Assimilator  
  148  13:53  Pylon  
  148  13:55  Dark Templar x2  
  146  14:00  Robotics Facility  
  148  14:04  Dark Templar  
  148  14:08  Archon  
  150  14:12  Zealot  
  152  14:18  Probe  
  152  14:20  Stalker x4  
  159  14:31  Dark Templar x2  
  94  14:53  Probe  
  88  15:00  Nexus  
  88  15:03  Pylon x2  
Show
View Real Time Build Order
Export as new Build Order

llllllllllll Zerg - Winner!

Build Orders: Hatch First, Lurkers 

Get SALT Encoding   

  12  0:02  Drone  
  13  0:10  Drone  
  14  0:20  Overlord  
  14  0:39  Drone  
  15  0:47  Hatchery  
  14  0:50  Drone  
  15  1:09  Spawning Pool  
  14  1:11  Drone  
  14  1:15  Drone  
  16  1:18  Drone  
  16  1:24  Drone  
  18  1:34  Drone  
  19  1:44  Overlord  
  19  1:57  Drone, Queen  
  19  1:59  Queen  
  24  2:02  Drone  
  25  2:08  Zergling x2  
  25  2:11  Drone  
  27  2:16  Drone  
  27  2:22  Overlord  
  28  2:27  Drone  
  29  2:33  Drone  
  29  2:36  Queen  
  32  2:39  Drone  
  33  2:44  Zergling x2  
  33  2:49  Extractor  
  33  2:50  Drone, Extractor  
  33  2:55  Drone  
  34  3:00  Overlord  
  34  3:04  Drone  
  35  3:08  Drone x3  
  35  3:09  Hatchery, Drone  
  35  3:12  Drone  
  39  3:17  Overlord  
  39  3:21  Drone  
  39  3:26  Drone x2  
  42  3:28  Drone  
  42  3:31  Metabolic Boost  
  43  3:36  Overlord  
  43  3:41  Drone  
  43  3:42  Drone  
  43  3:43  Drone  
  43  3:45  Drone  
  43  3:46  Drone  
  48  3:56  Zergling x6  
  48  3:59  Spore Crawler  
  48  4:01  Spore Crawler  
  49  4:04  Roach Warren  
  49  4:05  Drone  
  49  4:06  Zergling x2  
  50  4:12  Lair  
  50  4:16  Drone  
  51  4:17  Evolution Chamber  
  51  4:19  Zergling x4  
  51  4:22  Drone  
  51  4:23  Drone  
  54  4:25  Drone  
  54  4:28  Spore Crawler  
  54  4:29  Drone  
  55  4:36  Queen  
  57  4:39  Drone  
  57  4:42  Drone x2  
  57  4:45  Extractor  
  59  4:50  Zerg Ground Armor Level 1  
  59  4:51  Drone x3  
  59  4:52  Drone  
  63  4:54  Drone  
  63  4:56  Drone x2  
  63  4:57  Drone  
  67  5:00  Overlord  
  67  5:06  Drone x2  
  67  5:15  Drone, Hydralisk Den  
  67  5:24  Drone x2  
  67  5:25  Overlord  
  67  5:26  Drone x3  
  72  5:28  Extractor  
  72  5:29  Hatchery  
  72  5:32  Overlord  
  70  5:38  Overlord  
  70  5:51  Hydralisk, Muscular Augments  
  70  5:52  Hydralisk x4  
  70  5:54  Drone x2  
  70  5:55  Drone x7  
  70  5:56  Drone  
  90  5:59  Overlord  
  90  6:01  Hydralisk x2  
  94  6:05  Overlord  
  94  6:08  Hydralisk x2  
  98  6:13  Hydralisk  
  98  6:14  Zergling x4  
  102  6:19  Overlord  
  102  6:20  Hydralisk  
  102  6:22  Zergling x2  
  105  6:27  Overlord  
  105  6:31  Extractor  
  103  6:35  Overlord, Extractor  
  103  6:36  Glial Reconstitution  
  103  6:38  Drone x3  
  103  6:39  Drone x3  
  108  6:40  Hydralisk  
  108  6:41  Zergling x6  
  108  6:44  Zerg Missile Weapons Level 1  
  108  6:45  Drone x4, Spore Crawler  
  116  6:47  Queen  
  116  6:53  Hydralisk x2  
  122  6:54  Zergling x2  
  122  7:01  Hydralisk  
  123  7:03  Hydralisk x2  
  123  7:07  Overlord  
  129  7:10  Infestation Pit  
  129  7:11  Drone  
  129  7:12  Roach  
  129  7:13  Roach x2  
  135  7:17  Roach  
  135  7:18  Roach x2  
  141  7:25  Roach x4  
  149  7:32  Roach x2  
  149  7:33  Roach x3  
  149  7:36  Overlord x2  
  159  7:41  Overlord x2  
  159  7:42  Overseer  
  159  7:47  Overlord  
  159  7:48  Hatchery  
  159  7:50  Drone  
  159  7:51  Hive  
  159  7:52  Evolution Chamber  
  159  7:55  Drone x2  
  159  7:56  Drone, Extractor  
  160  7:59  Extractor  
  160  8:00  Drone x3  
  160  8:03  Hydralisk x2, Roach x5  
  175  8:12  Lurker Den  
  175  8:16  Hydralisk x2  
  175  8:17  Roach x2  
  175  8:18  Zergling x16  
  187  8:28  Hatchery  
  186  8:38  Zerg Ground Armor Level 2  
  186  8:40  Drone  
  187  8:41  Spire  
  187  8:47  Drone  
  176  8:57  Hydralisk  
  176  8:58  Hydralisk x7  
  181  9:08  Hydralisk x3  
  181  9:09  Roach x4  
  185  9:10  Roach, Zergling x12  
  185  9:11  Zergling x2  
  185  9:16  Hydralisk x3  
  180  9:17  Zergling x2  
  180  9:21  Hydralisk, Roach  
  165  9:28  Roach x2  
  165  9:29  Roach  
  165  9:30  Hydralisk  
  161  9:35  Overseer x2  
  161  9:37  Hydralisk  
  147  9:43  Hatchery  
  147  9:45  Roach x3  
  152  9:48  Zerg Missile Weapons Level 2  
  152  9:57  Hydralisk x3, Roach x2  
  152  9:58  Roach x5  
  152  9:59  Zergling x6  
  156  10:02  Roach x2  
  144  10:11  Roach x3  
  142  10:15  Viper  
  145  10:23  Lurker  
  145  10:24  Lurker  
  147  10:31  Drone x3  
  147  10:32  Lurker  
  147  10:35  Lurker  
  152  10:41  Drone x5  
  152  10:42  Drone  
  153  10:45  Extractor x2  
  153  10:46  Lurker x2  
  150  11:05  Hydralisk x3  
  150  11:06  Hydralisk x4, Roach x6  
  150  11:07  Roach x2  
  180  11:16  Drone x3  
  183  11:21  Roach x2  
  183  11:22  Roach x5  
  197  11:30  Zerg Ground Armor Level 3  
  197  11:35  Spore Crawler  
  196  12:05  Hatchery  
  195  12:09  Overlord  
  195  12:10  Overlord, Overseer x3  
  195  12:18  Pneumatized Carapace  
  195  12:22  Spore Crawler  
  194  12:25  Overlord x2  
  194  12:28  Zerg Missile Weapons Level 3  
  194  12:32  Overseer  
  189  12:45  Hatchery  
  188  13:02  Hatchery  
  187  13:19  Hydralisk  
  169  13:20  Hydralisk x3  
  169  13:21  Hydralisk x7, Roach x2  
  169  13:22  Hydralisk, Roach  
  169  13:23  Roach  
  199  13:27  Hatchery  
  198  13:35  Greater Spire  
  198  13:40  Lurker  
  198  14:05  Extractor  
  198  14:07  Extractor  
Tags
 
Add a new tag
Caveats
  • Supply blocks, unpowered buildings, or Contaminate may cause inaccurate times.
  • Supply counts are checked every 10 seconds.